 Dungeon Crawl Stone Soup version 0.21.1-1-g345015f (webtiles) character file.

79 diana the Cutter (level 4, 0/29 HPs)
             Began as a Kobold Berserker on May 28, 2018.
             Was a Believer of Trog.
             Killed from afar by an orc wizard (3 damage)
             ... with a magic dart
             ... while paralysed
             ... on level 2 of the Dungeon.
             The game lasted 00:03:54 (1494 turns).

diana the Cutter (Kobold Berserker)                 Turns: 1494, Time: 00:03:55

Health: 0/29       AC:  5    Str: 14    XL:     4   Next: 64%
Magic:  4/4        EV:  3    Int:  8    God:    Trog [**....]
Gold:   122        SH:  0    Dex: 15    Spells: 3/3 levels left

rFire    . . .     SeeInvis .   a - +0 short sword
rCold    . . .     Gourm    .   (shield restricted)
rNeg     + . .     Faith    .   b - +0 animal skin
rPois    .         Spirit   .   p - -2 helmet (curse)
rElec    .         Reflect  .   (no cloak)
rCorr    .         Harm     .   (no gloves)
MR       .....                  (no boots)
Stlth    ++........             (no amulet)
HPRegen  0.09/turn              d - +4 ring of protection
MPRegen  0.09/turn              o - ring of positive energy

@: paralysed, berserk cooldown, slowed
A: small, carnivore
a: Berserk, Trog's Hand, Burn Spellbooks, Renounce Religion


You were on level 2 of the Dungeon.
You worshipped Trog.
Trog was pleased with you.
You were near starving.

You visited 1 branch of the dungeon, and saw 2 of its levels.

You collected 122 gold pieces.

Inventory:

Hand Weapons
 a - a +0 short sword (weapon)
Armour
 b - a +0 animal skin (worn)
 p - a cursed -2 helmet (worn)
Jewellery
 d - a +4 ring of protection (left hand)
 o - a ring of positive energy (right hand)
Scrolls
 e - 5 scrolls of teleportation {unknown}
 h - a scroll of enchant weapon {unknown}
 j - 2 scrolls of immolation {unknown}
 l - a scroll of identify {unknown}
 m - a scroll of random uselessness {unknown}
 n - a scroll of amnesia {unknown}
Potions
 f - a potion of lignification {unknown}
 g - a potion of curing {unknown}
 i - a potion of brilliance {unknown}
 k - a potion of agility {unknown}
 q - 2 potions of resistance {unknown}
 r - a potion of heal wounds {unknown}
Comestibles
 c - 5 rations


   Skills:
 + Level 3.8 Fighting
 * Level 5.2 Short Blades
 - Level 1.5 Armour
 + Level 3.2 Dodging
 + Level 2.3 Stealth


You had 3 spell levels left.
You didn't know any spells.

Dungeon Overview and Level Annotations

Branches:
Dungeon (2/15)

Altars:


Innate Abilities, Weirdness & Mutations

You are small and have problems with some larger weapons.
You are carnivorous and can eat meat at any time.


Message History

The orc wizard is heavily wounded.
You hit the orc wizard.
The orc wizard is almost dead.
The orc wizard mumbles some strange words.
The orc wizard blinks!
You see here a frilled lizard corpse.
You butcher the frilled lizard corpse.
You feel a strong urge to attack something.
Things that are here:
a chunk of flesh; a frilled lizard skeleton Eat a chunk of flesh? (ye/n/q)
Okay, then.
You are no longer berserk.
You pass out from exhaustion.
You feel yourself slow down.
The orc wizard casts a spell.
The orc wizard blinks!
The orc wizard casts a spell at you. The magic dart hits you!
You die...

.##.# #.# ##.........##..#
##..###.# #..........o#..#
#...#...##
#####..........o#..#
....#.#.<#
...............o#.##
.##.#.##.# #.........##.#
###...##.#.####+#.....o..###.#
.........#.......)#########..#
.#..######......o%[.........##
.#..# #......@############
....######.......#
#.........<)...ยง.#
#..#######.......# #..#
#.......# ##.# ######### ..>#
####


You could see an orc wizard.

Vanquished Creatures
  An orc priest (D:2)
  An adder (D:2)
  A dart slug (D:2)
  2 leopard geckos (D:1)
  3 orcs (D:2)
  4 bats
  3 giant cockroaches (D:2)
  2 goblins (D:1)
  4 hobgoblins
  4 jackals (D:2)
  2 frilled lizards (D:2)
  A kobold (D:2)
  7 rats
35 creatures vanquished.

Notes
Turn   | Place    | Note
-------+----------+-------------------------------------------
     0 | D:1      | diana the Kobold Berserker began the quest for the Orb.
     0 | D:1      | Reached XP level 1. HP: 14/14 MP: 1/1
   296 | D:1      | Reached XP level 2. HP: 19/19 MP: 2/2
   420 | D:1      | Reached skill level 1 in Stealth
   922 | D:2      | Reached XP level 3. HP: 19/23 MP: 3/3
  1201 | D:2      | Reached ** piety under Trog
  1451 | D:2      | Reached XP level 4. HP: 17/29 MP: 4/4
  1471 | D:2      | Reached skill level 5 in Short Blades
  1494 | D:2      | Killed from afar by an orc wizard

Skill      XL: |  1  2  3  4 |
---------------+-------------+-----
Stealth        | 1 2 |  2.3
Dodging        | 3 |  3.2
Short Blades   | 5 |  5.2
Fighting       | |  3.8
Armour         | |  1.5

Action                   |  1- 3 |  4- 6 || total
-------------------------+-------+-------++-------
Melee: Short sword       |   155 |    26 ||   181
Invok: Berserk           |       |     1 ||     1
 Stab: Sleeping          |     3 |       ||     3
  Eat: Chunk             |     1 |       ||     1
Armor: Animal skin       |    33 |     4 ||    37
Dodge: Dodged            |   110 |     9 ||   119
